 BcadrenCrawl: Boulder Brew version 0.06-36-g3907a74960 (webtiles) character file.

Game seed: 13660055020079761593, levelgen mode: deterministic

8521 esc the Slinger (level 11, -7/86 HPs) Formicid Noble. Began on July 22, 2022. Was an Initiate of Gozag Ym Sagoz. Mangled by a komodo dragon (23 damage) ... on level 1 of the Lair of Beasts. The game lasted 00:38:27 (7932 turns).

esc the Slinger (Formicid Noble)                    Turns: 7932, Time: 00:38:27

Health: -7/86      AC: 14    Str: 19    XL:     11 ^: 3276
Magic:  0/13       EV: 16    Int:  9    God:    Gozag Ym Sagoz
Gold:   1444       SH:  0    Dex: 17    Spells: 13/13 levels left

rFire    . . .     Slash    +   a - +4 fustibalus (velocity)
rCold    . . .     Pierce   x   b - +4 whip (elec)
rNeg     . . .     Bludgeon .   d - +0 robe {Str+3}
rCorr    . . .     Vision   +   (no helmet)
rPois    .         Gourm    .   t - +0 cloak {+Inv}
rElec    .         Faith    .   c - +0 pair of gloves {archery}
MR       +....     Spirit   +   (no boots)
HPRegen  0.38/turn Reflect  .   m - amulet of guardian spirit
MPRegen  0.23/turn Harm     .   n - ring of protection
Stlth    ++++......             i - ring of protection

@: gold aura
A: antennae, dig shafts and tunnels, permanent stasis, four arms, exoskeleton
a: Dig, Shaft Self, Potion Petition, Call Merchant, Bribe Branch, Renounce
Religion, Evoke Invisibility


You were on level 1 of the Lair of Beasts.
You worshipped Gozag Ym Sagoz.
Gozag Ym Sagoz was most pleased with you.
You were not hungry.

You visited 3 branches of the dungeon, and saw 7 of its levels.
You also visited: Market.

You collected 1514 gold pieces.
You spent 995 gold pieces at shops.
You paid 75 gold pieces to Gozag.

Inventory:

Weapons
 a - a +4 fustibalus of velocity (weapon)
 b - a +4 whip of electrocution (weapon)
Armour
 c - a +0 pair of gloves of archery (worn)
 d - a +0 robe of strength (worn)
 t - a +0 cloak of invisibility (worn)
Jewellery
 i - a ring of protection (right hand)
 k - an uncursed ring of resist corrosion
 m - an amulet of guardian spirit (around neck)
 n - a ring of protection (left hand)
 p - an uncursed ring of stealth
 q - an uncursed ring of evasion
 r - an uncursed ring of poison resistance
 u - an uncursed ring of evasion
 v - an uncursed amulet of regeneration
Wands
 o - a wand of flame (12)
 s - a wand of random effects (2)
Scrolls
 w - a scroll of fear
Potions
 f - a potion of magic
 g - 6 potions of might
 h - 4 potions of curing
 j - 5 potions of brilliance
 l - a potion of heal wounds
Comestibles
 e - 16 rations


   Skills:
 + Level 7.8 Fighting
 - Level 3.0 Whips & Flails
 + Level 11.7 Slings
 - Level 3.1 Armour
 + Level 6.1 Dodging
 + Level 9.4 Stealth
 - Level 1.5 Spellcasting
 - Level 3.0 Evocations


You had 13 spell levels left.
You didn't know any spells.
Your spell library contained the following spells:

 Spells                   Type           Power        Failure   Level  Hunger
 Corpse Rot Tmut/Necr N/A 47% 2 66-106 Sublimation of Blood Necr 0 (200) 47% 2 66-106 Leda's Liquefaction Tmut/Erth 0 (200) 98% 4 186-286 Bolt of Draining Necr 0 (200) 100% 5 306-466 Bolt of Magma Fire/Erth 0 (200) 100% 5 306-466 Excruciating Wounds Chrm/Necr 0 (200) 100% 5 306-466 Iron Shot Erth 0 (200) 100% 6 426-646 Statue Form Tmut/Erth 0 (150) 100% 6 426-646 Tunneling Erth 0 (200) 100% 6 426-646 Shatter Erth           0 (200)      100%        9    786-1186


Dungeon Overview and Level Annotations

Branches:
Dungeon (5/8)              Temple (1/1) D:4            Lair (1/6) D:5

Altars:
Ashenzari
Cheibriados
Dithmenos
Fedhas Madash
Gozag Ym Sagoz
Hepliaklqana
Kikubaaqudgha
Makhleb
Nemelex Xobeh
Okawaru
Qazlal
Ru
Sif Muna
Trog
Uskayaw
Vehumet
Wu Jian
Xom
Yredelemnul
Zin
The Shining One

Shops:
D:3 =


Innate Abilities, Weirdness & Mutations

You have a pair of antennae on your head. (+Vis)
You can dig through walls and to a lower floor.
You cannot be hasted, slowed, berserked, paralysed or teleported.
You can wield any weapon or shield with a single pair of your four arms.
Your insectoid exoskeleton is difficult to cut into, but your joints provide obvious stabbing targets. (rSlashing+, rPiercing-)


Message History

The komodo dragon bites you but does no damage.
You hit the komodo dragon but do no damage.
Lightning courses through the komodo dragon (5).
The komodo dragon is heavily wounded. (22/46) HP The komodo dragon bites you (22)!!
You are perforated ruthlessly!
You hit the komodo dragon but do no damage.
Lightning courses through the komodo dragon (8)!
The komodo dragon is severely wounded. (14/46) HP The komodo dragon bites you (24)!!
You are perforated ruthlessly!
You hit the komodo dragon but do no damage.
Lightning courses through the komodo dragon (5).
The komodo dragon is almost dead. (9/46) HP The komodo dragon bites you (30)!!
You are perforated ruthlessly!
* * * LOW HITPOINT WARNING * * *
You hit the komodo dragon but do no damage.
Lightning courses through the komodo dragon (8)!
The komodo dragon is almost dead. (1/46) HP The komodo dragon bites you (26)!!
You are perforated ruthlessly!
You die...
Your body crumbles into a pile of gold.

#..# . #..# ..
.[.# ... #..#
#..
....###..###
##..#
.......$.#.##..
...#
...............
#... #.l# #...
#@.# #.. #..#
#..# #... #...
#..# #.!# #...
##..# #..P #...
#...#
##..#####..#
##..##
#..........#
#...#
##.........#
#..##
#...####..#
#..# #...##
#..#


You could see a komodo dragon.

Vanquished Creatures
  A boulder beetle (Lair:1)
  2 two-headed ogres (D:5)
  A komodo dragon (Lair:1)
  2 hippogriffs (D:5)
  A wyvern (D:5)
  4 yaks
  A slime creature (D:2)
  A hungry ghost (D:5)
  A basilisk (Lair:1)
  A phantom (D:3)
  A bone scorpion (D:4)
  A necrophage (D:5)
  A water moccasin (D:2)
  3 ice beasts
  4 sky beasts
  5 porcupines
  3 ogres
  3 wolves (Lair:1)
  4 crocodiles
  6 big kobolds
  2 centaurs (D:5)
  3 howler monkeys (D:5)
  2 llaibwcod
  Crazy Yiuf (D:2)
  An orc priest (D:5)
  2 hounds
  12 jellies
  4 iguanas
  6 orc wizards (D:5)
  7 worker ants
  3 wyvern zombies
  3 wyvern skeletons (D:5)
  6 giant cockroaches (D:2)
  2 cysgobwcod
  17 adders
  4 gnolls
  2 gwybwcod
  39 sewer rats
  10 cinder newts
  10 worms
  7 bullfrogs
  7 oozes
  A howler monkey skeleton (D:3)
  6 leopard geckos
  15 orcs
  2 adder skeletons
  6 ball pythons
  3 bats
  3 cinder newt skeletons (D:2)
  A gnoll skeleton (D:2)
  10 goblins (D:1)
  4 hobgoblins (D:1)
  27 kobolds
  3 quokkas
  A ball python skeleton (D:2)
  3 bat skeletons (D:2)
  A hobgoblin skeleton (D:2)
  A leopard gecko skeleton (D:5)
  2 orc skeletons (D:2)
  13 rats
  A rat skeleton (D:2)
  A butterfly (D:4)
  9 withered plants (D:2)
309 creatures vanquished.

Vanquished Creatures (others)
  A giant cockroach (D:2)
  A worm (D:2)
  A quokka (D:2)
  A bat (D:2)
  A rat skeleton (D:2)
  2 giant blowflies (D:2)
  2 slimeheads (D:2)
  152 withered plants (D:2)
161 creatures vanquished.

Grand Total: 470 creatures vanquished

Notes
Turn   | Place    | Note
-------+----------+-------------------------------------------
     0 | Start Ma | esc the Formicid Noble began the quest for the Orb.
     0 | Start Ma | Reached XP level 1. HP: 15/15 MP: 2/2
     8 | Start Ma | Found Vyexejergh's Mashing MeleeMart.
    16 | Start Ma | Found Zorghed's Auxillary Armour.
    24 | Start Ma | Bought a +0 pair of gloves of archery for 230 gold pieces
    59 | Start Ma | Found Typhomapp's Expert Tomes.
    70 | Start Ma | Bought a +0 fustibalus for 300 gold pieces
    87 | Start Ma | Bought an uncursed ring of protection for 440 gold pieces
   130 | Start Ma | Bought a ration for 25 gold pieces
   137 | D:1      | esc set off with the following items: a +0 robe, 2 rations,
                  | a +0 pair of gloves of archery, a +0 fustibalus, a ring of
                  | protection
   154 | D:1      | Reached XP level 2. HP: 21/21 MP: 4/4
   308 | D:1      | Reached skill level 1 in Slings
   308 | D:1      | Reached XP level 3. HP: 27/27 MP: 5/5
   351 | D:1      | Reached skill level 2 in Slings
   595 | D:1      | Reached XP level 4. HP: 33/33 MP: 6/6
   707 | D:1      | Reached skill level 3 in Slings
   917 | D:1      | Identified the cursed amulet "Gipnogh" {Harm *Drain rPois,
                  | (Curse: Dex-3)}
   937 | D:1      | Reached XP level 5. HP: 29/38 MP: 7/7
   970 | D:1      | Reached skill level 4 in Slings
  1180 | D:1      | Reached skill level 5 in Slings
  1491 | D:2      | Reached XP level 6. HP: 44/44 MP: 8/8
  1516 | D:2      | Reached skill level 6 in Slings
  1736 | D:2      | Reached XP level 7. HP: 49/49 MP: 9/9
  1754 | D:2      | Reached skill level 7 in Slings
  2016 | D:2      | Reached skill level 8 in Slings
  2196 | D:2      | Found a hide-covered altar of Uskayaw.
  2275 | D:2      | Reached XP level 8. HP: 52/55 MP: 10/10
  2288 | D:2      | Found a stormy altar of Qazlal.
  2473 | D:2      | Reached skill level 9 in Slings
  2563 | D:2      | You fall into a shaft and drop 2 floors!
  2591 | D:4      | Found a staircase to the Ecumenical Temple.
  2790 | D:4      | Reached skill level 1 in Whips & Flails
  2849 | D:4      | Reached skill level 1 in Dodging
  3307 | D:4      | Reached XP level 9. HP: 63/63 MP: 11/11
  3833 | Temple   | Entered the Ecumenical Temple
  3997 | Temple   | Became a worshipper of Gozag Ym Sagoz the Greedy
  4369 | D:3      | Found an iron altar of Okawaru.
  4750 | D:3      | Found Leuf Jenn's Jewellery Shop.
  4795 | D:3      | Reached skill level 10 in Slings
  4795 | D:3      | Reached skill level 5 in Stealth
  5312 | D:2      | Found a runed translucent door.
  5313 | D:2      | Noticed Crazy Yiuf
  5320 | D:2      | Killed Crazy Yiuf
  5320 | D:2      | Reached skill level 5 in Fighting
  5431 | D:2      | Reached XP level 10. HP: 74/74 MP: 12/12
  5950 | D:2      | Reached skill level 1 in Evocations
  6206 | D:5      | Entered Level 5 of the Dungeon
  6511 | D:5      | Noticed a two-headed ogre
  6759 | D:5      | Killed a two-headed ogre
  6759 | D:5      | Reached skill level 11 in Slings
  6759 | D:5      | Reached skill level 5 in Dodging
  7150 | D:5      | Reached XP level 11. HP: 48/83 MP: 13/13
  7243 | D:5      | Noticed a two-headed ogre
  7255 | D:5      | Reached skill level 1 in Armour
  7257 | D:5      | Killed a two-headed ogre
  7536 | D:5      | Found a glowing golden altar of the Shining One.
  7545 | D:5      | Found a hazy altar of Hepliaklqana.
  7564 | D:5      | Found a hide-covered altar of Uskayaw.
  7573 | D:5      | Found an ancient bone altar of Kikubaaqudgha.
  7640 | D:5      | Found a staircase to the Lair.
  7647 | Lair:1   | Entered Level 1 of the Lair of Beasts
  7671 | Lair:1   | Noticed a boulder beetle
  7683 | Lair:1   | Killed a boulder beetle
  7932 | Lair:1   | Mangled by a komodo dragon

Levels and vault maps discovered:
D:1:      roderic_octagonal_star, layout_loops_ring, hex_tiny,
          lightli_sewer_entry_pipes
D:2:      layout_sewer, elyvilon_altar_4, sewer_co_tree, basic_altar,
          minmay_ruined_shrine, uniq_crazy_yiuf_cottage
D:3:      layout_basic, kennysheep_mini_moat, serial_shops, shop_statue,
          first_ration, blue_anna_alchemist [blue_anna_fruit_fields,
          blue_anna_fruit_fields]
D:4:      statuecave_lemuel, layout_basic, minmay_temple_entry_glassed_door
D:5:      layout_basic, grunt_temple_overflow_cloverleaf, lair_entry_dummy
Temple:   eino_temple_rhombus
Lair:1:   layout_long_grid

Skill      XL: |  1  2  3  4  5  6  7  8  9 10 11 |
---------------+----------------------------------+-----
Stealth        | 2 3 6 8 9 |  9.4
Slings         | 1 2 3 5 6 8 9 10 11 | 11.7
Fighting       | 3 5 6 7 |  7.8
Whips & Flails | 2 3 |  3.0
Dodging        | 1 3 5 6 |  6.1
Evocations     | 3 |  3.0
Armour         | 3 |  3.1
Spellcasting   | |  1.5

Action                   |  1- 3 |  4- 6 |  7- 9 | 10-12 || total
-------------------------+-------+-------+-------+-------++-------
Melee: Whip              |     4 |     8 |    42 |    89 ||   143
       Unarmed           |     7 |    11 |    45 |    22 ||    85
 Fire: Fustibalus        |    23 |    73 |   236 |   261 ||   593
 Abil: Dig               |       |       |     1 |       ||     1
       Shaft Self        |       |       |     1 |       ||     1
  Use: Scroll            |     1 |       |     7 |       ||     8
       Potion            |       |       |     1 |       ||     1
 Stab: Distracted        |       |       |       |     2 ||     2
  Eat: Chunk             |       |     3 |     7 |       ||    10
       Ration            |       |       |     2 |     3 ||     5
Armor: Robe              |     8 |    11 |    45 |    71 ||   135
Dodge: Dodged            |     3 |     4 |    32 |    43 ||    82
